 Dungeon Crawl Stone Soup version 0.20.0-10-g0535bb4 (webtiles) character file.

159 Kriby the Chopper (level 5, -1/48 HPs)
             Began as a Hill Orc Fighter on June 3, 2017.
             Was an Initiate of Okawaru.
             Slain by Crazy Yiuf
             ... wielding a +4 quarterstaff of chaos
              (3 damage)
             ... on level 3 of the Dungeon.
             The game lasted 00:01:58 (2827 turns).

Kriby the Chopper (Hill Orc Fighter)                Turns: 2827, Time: 00:01:59

Health: -1/48      AC: 11    Str: 25    XL:     5   Next: 40%
Magic:  5/5        EV:  5    Int:  8    God:    Okawaru [......]
Gold:   155        SH:  9    Dex: 10    Spells: 4/4 levels left

rFire    . . .     SeeInvis .   a - +0 war axe
rCold    . . .     Gourm    .   c - +0 shield
rNeg     . . .     Faith    .   t - +0 chain mail
rPois    .         Spirit   .   l - +0 helmet
rElec    .         Reflect  .   (no cloak)
rCorr    .         Harm     .   g - +0 pair of gloves
MR       .....                  (no boots)
Stlth    ..........             (no amulet)
Regen    0.2/turn               (no ring)
MPRegen  0.1/turn               (no ring)

@: mighty, lethally poisoned (-1 -> -12), slowed, drained, very slow
A: no striking features
a: Renounce Religion


You were on level 3 of the Dungeon.
You worshipped Okawaru.
Okawaru was noncommittal.
You were not hungry.

You visited 1 branch of the dungeon, and saw 3 of its levels.

You collected 155 gold pieces.

Inventory:

Hand Weapons
 a - a +0 war axe (weapon)
Armour
 c - a +0 shield (worn)
 g - a +0 pair of gloves (worn)
 l - a +0 helmet (worn)
 t - a +0 chain mail (worn)
Scrolls
 i - 2 scrolls of teleportation {unknown}
 k - 7 scrolls of identify {unknown}
 m - a scroll of immolation {unknown}
 o - 2 scrolls of blinking {unknown}
 r - a scroll of noise {unknown}
 s - a scroll of amnesia {unknown}
 u - a scroll of remove curse {unknown}
 v - a scroll of magic mapping {unknown}
 w - a scroll of enchant weapon {unknown}
 x - a scroll of random uselessness {unknown}
Potions
 d - a potion of might
 e - 2 potions of degeneration {unknown}
 j - a potion of mutation {unknown}
 n - a potion of lignification {unknown}
 p - 3 potions of curing {unknown}
Comestibles
 f - 2 bread rations
 h - 2 royal jellies
 q - a meat ration


   Skills:
 + Level 5.0(4.7) Fighting
 * Level 6.1(5.8) Axes
 - Level 3.2(3.0) Armour
 - Level 3.2(3.0) Shields


You had 4 spell levels left.
You didn't know any spells.

Dungeon Overview and Level Annotations

Branches:
Dungeon (3/15)

Altars:
Ashenzari
Cheibriados
Gozag
Nemelex Xobeh
Okawaru
Ru
Vehumet

Annotations:
D:3 Crazy Yiuf


Message History

Crazy Yiuf hits you with a quarterstaff of chaos.
* * * LOW HITPOINT WARNING * * *
Crazy Yiuf burns you. Crazy Yiuf hits you but does no damage.
You feel yourself slow down. Crazy Yiuf hits you but does no damage.
You turn to flesh and can move again.
You feel very mighty all of a sudden.
You feel sick. You block Crazy Yiuf's attack. Crazy Yiuf barely misses you.
You slash Crazy Yiuf!
Crazy Yiuf is almost dead.
You feel sick.
Crazy Yiuf hits you with a quarterstaff of chaos.
* * * LOW HITPOINT WARNING * * *
You are more poisoned.
You barely miss Crazy Yiuf.
Crazy Yiuf is almost dead.
* * * LOW HITPOINT WARNING * * *
You feel very sick.
Crazy Yiuf hits you with a quarterstaff of chaos.
You die...

###### ##### ###
#....# #..)# ..#
#....# #...# #.##
#....# ...
...###....# #g#
..........# ♣♣@♣
##### ..........##
♣.♣♣ ###...##
........^..# ♣♣.♣
#......##
...........# ♣.♣♣
#.......#
.........>.# ♣♣.♣♣
#.......#
...##.....## ♣...♣♣
#.......#
..####.#.## ♣....♣
#.....[## ..# #.#.##
#....# #.....#####
..####....####....##
##........##


You could see Crazy Yiuf.

Vanquished Creatures
  Jessica (D:3)
  7 adders
  A worm (D:2)
  2 dart slugs (D:1)
  3 leopard geckos
  6 orcs (D:3)
  6 bats
  6 giant cockroaches
  2 goblins
  7 hobgoblins
  2 jackals (D:3)
  2 quokkas (D:3)
  A ball python (D:3)
  5 frilled lizards
  3 kobolds
  2 rats
56 creatures vanquished.

Notes
Turn   | Place    | Note
-------+----------+-------------------------------------------
     0 | D:1      | Kriby the Hill Orc Fighter began the quest for the Orb.
     0 | D:1      | Reached XP level 1. HP: 19/19 MP: 1/1
   149 | D:1      | Reached skill level 3 in Axes
   393 | D:1      | Reached XP level 2. HP: 27/27 MP: 2/2
   579 | D:1      | Reached skill level 4 in Axes
   761 | D:1      | Reached XP level 3. HP: 33/33 MP: 3/3
  1464 | D:2      | Reached XP level 4. HP: 25/41 MP: 4/4
  1785 | D:3      | Reached skill level 5 in Axes
  2074 | D:3      | Found a faded altar of an unknown god.
  2219 | D:3      | Found a sparkling altar of Nemelex Xobeh.
  2221 | D:3      | Found a radiant altar of Vehumet.
  2222 | D:3      | Found an opulent altar of Gozag.
  2222 | D:3      | Found an iron altar of Okawaru.
  2223 | D:3      | Found a shattered altar of Ashenzari.
  2224 | D:3      | Found a snail-covered altar of Cheibriados.
  2225 | D:3      | Found a sacrificial altar of Ru.
  2232 | D:3      | Became a worshipper of Warmaster Okawaru
  2335 | D:3      | Reached XP level 5. HP: 42/47 MP: 5/5
  2497 | D:3      | Found a runed door.
  2543 | D:3      | Noticed Jessica
  2555 | D:3      | Killed Jessica
  2555 | D:3      | Reached skill level 5 in Fighting
  2555 | D:3      | Reached skill level 6 in Axes
  2802 | D:3      | Noticed Crazy Yiuf
  2812 | D:3      | Paralysed by Crazy Yiuf for 5 turns
  2827 | D:3      | HP: 2/48 [poisoned by Crazy Yiuf]
  2827 | D:3      | Slain by Crazy Yiuf

Skill      XL: |  1  2  3  4  5 |
---------------+----------------+-----
Axes           | 3 4 5 6 |  6.1
Fighting       | 4 5 |  5.0
Armour         | |  3.2
Shields        | |  3.2

Action                   |  1- 3 |  4- 6 || total
-------------------------+-------+-------++-------
Melee: War axe           |   108 |   112 ||   220
  Use: Potion            |       |     1 ||     1
  Eat: Chunk             |     2 |     4 ||     6
Armor: Scale mail        |    46 |    33 ||    79
       Chain mail        |       |    51 ||    51
Dodge: Dodged            |    35 |    33 ||    68
Block: Shield            |    55 |    61 ||   116
